[ AOE2 MATCH · #505737373 ]
UnrankedCelts vs Goths
Player's team · WIN
Rival team · LOSS
[ REPLAY ANALYSIS · EXTRACTED FROM THE RECORDED GAME ]
Feudal
10:38
Castle
24:17
Imperial
—
| APM avg | 53.4 |
| APM peak | 94 |
| eAPM avg | 28.2 |
| Villagers / military | 159 / 211 |
Focus
⚔️ 47.2% · 🌾 52.8%
Woad Raider ×132 · Archer ×28 · Battering Ram ×24 · Militia ×14 · Scorpion ×7 · Mangonel ×3
Feudal
11:59
Castle
24:33
Imperial
45:14
| APM avg | 38.6 |
| APM peak | 73 |
| eAPM avg | 22.1 |
| Villagers / military | 130 / 165 |
Focus
⚔️ 43.4% · 🌾 56.6%
Militia ×139 · Skirmisher ×13 · Battering Ram ×4 · Mangonel ×3 · Trebuchet (Packed) ×3 · Monk ×2
Match map
Initial resources + every placement click. Lines = walls · curves = elevation contours. ◆ gold · ⬟ stone · ● berries · ✦ relic · ◌ wall gap
Your base· Open — 10t gap
Wildfel's base· Open — unwalled flank
Smoothed initial terrain · ◌ = detected wall gap · hover for details
Inputs per minute
— DGHIR | Lukera - - Wildfel
Build order — DGHIR | Lukera
First 150 of 571 actions detected
| 0:01 | Queue | Villager (Male) |
| 0:01 | Queue | Villager (Male) |
| 0:03 | Build | House |
| 0:06 | Build | House |
| 0:10 | Queue | Villager (Male) |
| 0:10 | Queue | Villager (Male) |
| 1:27 | Queue | Villager (Male) |
| 1:53 | Build | Lumber Camp |
| 2:03 | Queue | Villager (Male) |
| 2:28 | Queue | Villager (Male) |
| 2:46 | Queue | Villager (Male) |
| 3:06 | Queue | Villager (Male) |
| 4:04 | Queue | Villager (Male) |
| 4:12 | Build | House |
| 4:20 | Queue | Villager (Male) |
| 4:29 | Build | Barracks |
| 4:36 | Build | Barracks |
| 4:52 | Build | House |
| 4:58 | Queue | Villager (Male) |
| 4:59 | Queue | Villager (Male) |
| 5:37 | Queue | Militia |
| 5:44 | Queue | Villager (Male) |
| 5:55 | Build | Mill |
| 6:09 | Queue | Villager (Male) |
| 6:10 | Queue | Militia |
| 6:48 | Queue | Villager (Male) |
| 6:55 | Queue | Villager (Male) |
| 6:55 | Queue | Villager (Male) |
| 6:55 | Research | Loom |
| 8:24 | Research | Feudal Age |
| 8:38 | Build | Mining Camp |
| 9:16 | Queue | Militia |
| 9:23 | Queue | Villager (Male) |
| 9:31 | Queue | Villager (Male) |
| 9:55 | Queue | Villager (Male) |
| 9:57 | Build | House |
| 10:18 | Queue | Villager (Male) |
| 10:28 | Build | House |
| 10:31 | Build | Palisade Wall |
| 10:33 | Build | Palisade Wall |
| 10:34 | Queue | Villager (Male) |
| 10:38 | Age | Feudal Age |
| 10:45 | Research | Man-at-Arms (upgrade) |
| 10:48 | Research | Double-Bit Axe |
| 11:08 | Build | Archery Range |
| 11:09 | Queue | Villager (Male) |
| 11:15 | Queue | Villager (Male) |
| 11:18 | Build | House |
| 11:19 | Build | Palisade Wall |
| 11:46 | Build | Farm |
| 11:49 | Queue | Villager (Male) |
| 11:58 | Queue | Militia |
| 12:00 | Queue | Archer |
| 12:01 | Queue | Archer |
| 12:21 | Queue | Archer |
| 12:34 | Queue | Villager (Male) |
| 12:49 | Build | House |
| 13:02 | Queue | Archer |
| 13:16 | Queue | Villager (Male) |
| 13:22 | Queue | Archer |
| 13:44 | Build | House |
| 13:45 | Queue | Villager (Male) |
| 13:46 | Build | Farm |
| 13:47 | Build | Farm |
| 13:47 | Build | Farm |
| 13:47 | Build | Farm |
| 13:48 | Build | Farm |
| 14:07 | Queue | Archer |
| 14:29 | Queue | Archer |
| 14:38 | Queue | Villager (Male) |
| 15:01 | Build | Farm |
| 15:02 | Queue | Villager (Male) |
| 15:18 | Build | Lumber Camp |
| 15:20 | Queue | Villager (Male) |
| 15:24 | Build | House |
| 15:25 | Build | Palisade Wall |
| 15:34 | Queue | Villager (Male) |
| 15:50 | Queue | Villager (Male) |
| 15:59 | Build | Blacksmith |
| 16:00 | Queue | Villager (Male) |
| 16:11 | Queue | Archer |
| 16:17 | Queue | Villager (Male) |
| 17:04 | Queue | Archer |
| 17:05 | Queue | Villager (Male) |
| 17:07 | Build | Farm |
| 17:08 | Build | Farm |
| 17:09 | Queue | Villager (Male) |
| 17:11 | Build | Palisade Gate |
| 17:12 | Build | House |
| 17:12 | Build | House |
| 17:22 | Research | Fletching |
| 17:23 | Queue | Archer |
| 17:23 | Queue | Archer |
| 17:31 | Queue | Villager (Male) |
| 17:33 | Build | Farm |
| 17:43 | Build | Farm |
| 17:44 | Build | Farm |
| 17:46 | Build | Farm |
| 17:51 | Build | House |
| 17:52 | Build | House |
| 17:56 | Build | Farm |
| 18:00 | Queue | Villager (Male) |
| 18:02 | Queue | Archer |
| 18:12 | Queue | Villager (Male) |
| 18:14 | Build | Farm |
| 18:26 | Build | Farm |
| 18:27 | Queue | Villager (Male) |
| 18:47 | Queue | Archer |
| 18:47 | Queue | Archer |
| 18:55 | Queue | Villager (Male) |
| 19:02 | Build | Farm |
| 19:03 | Build | Farm |
| 19:05 | Build | House |
| 19:10 | Queue | Villager (Male) |
| 19:12 | Build | House |
| 19:26 | Queue | Villager (Male) |
| 19:43 | Build | Market |
| 19:44 | Queue | Villager (Male) |
| 19:48 | Build | Palisade Wall |
| 19:53 | Queue | Archer |
| 19:53 | Queue | Archer |
| 20:40 | Build | House |
| 20:42 | Build | House |
| 20:46 | Queue | Skirmisher |
| 20:59 | Build | House |
| 21:00 | Build | House |
| 21:22 | Build | Mining Camp |
| 21:36 | Build | Farm |
| 21:37 | Research | Castle Age |
| 21:46 | Queue | Archer |
| 21:47 | Queue | Archer |
| 21:55 | Build | House |
| 21:58 | Build | House |
| 21:59 | Queue | Militia |
| 22:18 | Queue | Villager (Male) |
| 22:21 | Build | Lumber Camp |
| 22:29 | Research | Scale Mail Armor |
| 22:31 | Queue | Archer ×2 |
| 22:32 | Queue | Villager (Male) |
| 22:47 | Build | Palisade Wall |
| 23:09 | Queue | Militia |
| 23:40 | Queue | Militia |
| 23:40 | Queue | Militia |
| 23:50 | Queue | Archer |
| 24:03 | Queue | Villager (Male) |
| 24:08 | Research | Horse Collar |
| 24:17 | Age | Castle Age |
| 24:21 | Research | Long Swordsman (upgrade) |
| 24:28 | Build | Siege Workshop |
| 24:37 | Research | Long Swordsman (upgrade) |
Build order — Wildfel
First 150 of 446 actions detected
| 0:00 | Queue | Villager (Male) |
| 0:00 | Queue | Villager (Male) |
| 0:02 | Build | House |
| 0:03 | Build | House |
| 0:09 | Queue | Villager (Male) |
| 0:09 | Queue | Villager (Male) |
| 1:24 | Queue | Villager (Male) |
| 1:54 | Build | Lumber Camp |
| 2:04 | Research | Loom |
| 2:08 | Queue | Villager (Male) |
| 2:08 | Queue | Villager (Male) |
| 2:25 | Queue | Villager (Male) |
| 2:57 | Queue | Villager (Male) |
| 3:23 | Queue | Villager (Male) |
| 3:41 | Build | Palisade Wall |
| 4:06 | Build | House |
| 4:13 | Queue | Villager (Male) |
| 4:13 | Queue | Villager (Male) |
| 4:39 | Queue | Villager (Male) |
| 5:52 | Queue | Villager (Male) |
| 5:53 | Queue | Villager (Male) |
| 5:56 | Build | Barracks |
| 6:00 | Queue | Villager (Male) |
| 6:42 | Queue | Villager (Male) |
| 6:46 | Build | House |
| 7:12 | Queue | Militia |
| 7:13 | Queue | Militia |
| 7:19 | Build | House |
| 7:30 | Queue | Villager (Male) |
| 7:51 | Queue | Militia |
| 8:00 | Queue | Villager (Male) |
| 8:24 | Queue | Villager (Male) |
| 8:37 | Queue | Villager (Male) |
| 9:25 | Queue | Villager (Male) |
| 9:45 | Queue | Villager (Male) |
| 9:49 | Research | Feudal Age |
| 9:54 | Queue | Villager (Male) |
| 10:02 | Build | Mining Camp |
| 10:24 | Build | Palisade Wall |
| 10:26 | Build | Palisade Wall |
| 10:41 | Build | Palisade Gate |
| 10:47 | Build | Palisade Gate |
| 11:00 | Build | Palisade Wall |
| 11:21 | Queue | Militia |
| 11:59 | Age | Feudal Age |
| 12:03 | Research | Man-at-Arms (upgrade) |
| 12:03 | Research | Double-Bit Axe |
| 12:09 | Build | Mill |
| 12:45 | Queue | Villager (Male) |
| 13:01 | Queue | Villager (Male) |
| 13:03 | Build | Farm |
| 13:05 | Build | Farm |
| 13:23 | Queue | Villager (Male) |
| 13:26 | Queue | Villager (Male) |
| 13:37 | Queue | Villager (Male) |
| 13:42 | Build | Farm |
| 13:52 | Queue | Villager (Male) |
| 13:57 | Build | Archery Range |
| 13:59 | Queue | Militia |
| 14:04 | Queue | Militia |
| 14:05 | Queue | Villager (Male) |
| 14:10 | Build | Farm |
| 14:13 | Build | Farm |
| 14:37 | Queue | Villager (Male) |
| 14:52 | Build | Farm |
| 14:53 | Queue | Skirmisher |
| 14:53 | Queue | Skirmisher |
| 15:00 | Build | House |
| 15:09 | Build | Farm |
| 15:14 | Queue | Villager (Male) |
| 15:21 | Build | Farm |
| 15:23 | Build | Farm |
| 15:29 | Queue | Skirmisher |
| 15:37 | Build | Blacksmith |
| 15:38 | Build | House |
| 15:44 | Build | House |
| 15:46 | Queue | Villager (Male) |
| 15:50 | Build | Farm |
| 15:52 | Queue | Skirmisher |
| 16:10 | Queue | Skirmisher |
| 16:14 | Build | Blacksmith |
| 16:18 | Build | House |
| 16:18 | Queue | Villager (Male) |
| 16:19 | Queue | Skirmisher |
| 16:26 | Queue | Skirmisher |
| 16:51 | Queue | Villager (Male) |
| 17:11 | Queue | Skirmisher |
| 17:22 | Build | Lumber Camp |
| 17:24 | Build | Palisade Wall |
| 17:29 | Build | Farm |
| 17:31 | Queue | Skirmisher |
| 17:33 | Queue | Skirmisher |
| 17:41 | Build | House |
| 17:52 | Queue | Militia |
| 18:04 | Queue | Villager (Male) |
| 18:13 | Queue | Villager (Male) |
| 18:18 | Build | Palisade Gate |
| 18:19 | Build | House |
| 18:36 | Research | Fletching |
| 18:36 | Research | Fletching |
| 18:43 | Queue | Militia |
| 18:57 | Queue | Militia |
| 19:04 | Queue | Villager (Male) |
| 19:13 | Queue | Villager (Male) |
| 19:17 | Build | Farm |
| 19:19 | Build | Farm |
| 19:21 | Build | Farm |
| 19:25 | Build | Farm |
| 19:27 | Build | Farm |
| 19:29 | Build | Farm |
| 19:30 | Queue | Villager (Male) |
| 20:04 | Queue | Villager (Male) |
| 20:17 | Build | House |
| 20:18 | Build | House |
| 20:55 | Queue | Villager (Male) |
| 20:56 | Queue | Villager (Male) |
| 21:49 | Queue | Villager (Male) |
| 21:51 | Queue | Villager (Male) |
| 21:53 | Research | Castle Age |
| 21:56 | Queue | Militia |
| 22:13 | Research | Scale Mail Armor |
| 22:29 | Queue | Villager (Male) |
| 22:35 | Research | Gold Mining |
| 23:09 | Queue | Militia |
| 23:17 | Queue | Militia |
| 23:36 | Queue | Militia |
| 23:59 | Queue | Militia |
| 24:26 | Queue | Militia |
| 24:33 | Age | Castle Age |
| 24:38 | Research | Long Swordsman (upgrade) |
| 24:38 | Research | Chain Mail Armor |
| 24:48 | Build | Siege Workshop |
| 24:51 | Research | Bow Saw |
| 24:58 | Build | Town Center |
| 25:02 | Queue | Villager (Male) |
| 25:56 | Queue | Militia |
| 25:56 | Queue | Militia |
| 25:57 | Build | Barracks |
| 26:02 | Queue | Villager (Male) |
| 26:06 | Build | Town Center |
| 26:12 | Queue | Villager (Male) |
| 26:12 | Queue | Villager (Male) |
| 26:18 | Queue | Militia |
| 26:21 | Research | Forging |
| 26:24 | Queue | Villager (Male) |
| 26:31 | Queue | Villager (Male) |
| 26:32 | Queue | Villager (Male) |
| 26:39 | Queue | Villager (Male) |
| 26:47 | Build | House |
| 26:49 | Build | House |
Match timeline
| 3:41 | Wildfel · wall_segment Palisade Wall x2 |
| 4:29 | DGHIR | Lukera · first_building Barracks |
| 5:56 | Wildfel · first_building Barracks |
| 10:24 | Wildfel · wall_segment Palisade Wall x1 |
| 10:26 | Wildfel · wall_segment Palisade Wall x1 |
| 10:31 | DGHIR | Lukera · wall_segment Palisade Wall x8 |
| 10:33 | DGHIR | Lukera · wall_segment Palisade Wall x4 |
| 10:38 | DGHIR | Lukera · age_up feudal |
| 11:00 | Wildfel · wall_segment Palisade Wall x1 |
| 11:08 | DGHIR | Lukera · first_building Archery Range |
| 11:19 | DGHIR | Lukera · wall_segment Palisade Wall x13 |
| 11:59 | Wildfel · age_up feudal |
| 13:57 | Wildfel · first_building Archery Range |
| 15:25 | DGHIR | Lukera · wall_segment Palisade Wall x9 |
| 17:24 | Wildfel · wall_segment Palisade Wall x1 |
| 19:48 | DGHIR | Lukera · wall_segment Palisade Wall x5 |
| 22:47 | DGHIR | Lukera · wall_segment Palisade Wall x6 |
| 23:37 | DGHIR | Lukera · first_market_sell 100 stone |
| 24:17 | DGHIR | Lukera · age_up castle |
| 24:28 | DGHIR | Lukera · first_building Siege Workshop |
| 24:33 | Wildfel · age_up castle |
| 24:48 | Wildfel · first_building Siege Workshop |
| 26:17 | DGHIR | Lukera · first_market_buy 100 food |
| 30:38 | DGHIR | Lukera · first_building Castle |
| 30:56 | DGHIR | Lukera · wall_segment Palisade Wall x2 |
| 39:16 | Wildfel · first_building Castle |
| 45:14 | Wildfel · age_up imperial |
| 45:36 | Wildfel · first_building Monastery |
| 51:48 | Wildfel · first_market_sell 100 food |
| 52:03 | Wildfel · resign |
[ AI ANALYSIS · 1 CREDIT ]
What really happened in this match?
Wolo.gg analyzes every decision: build order, eco, micro, common mistakes by bracket. Personalized analysis on WhatsApp or Discord in 30 seconds.
Civ guide
Celts
Perfil
Jugador #5124028